 Dungeon Crawl Stone Soup version 0.24.0-125-gc4c63601f3 (webtiles) character file.

Game seed: 11063784435147914575, levelgen mode: deterministic

23 Descartes the Sneak (level 2, 0/13 HPs)
             Began as a Spriggan Enchanter on Mar 6, 2020.
             Slain by an adder (3 damage)
             ... on level 2 of the Dungeon.
             The game lasted 00:02:31 (1291 turns).

Descartes the Sneak (Spriggan Enchanter)            Turns: 1291, Time: 00:02:32

Health: 0/13       AC:  2    Str:  4    XL:     2   Next: 75%
Magic:  6/6        EV: 18    Int: 16    God:
Gold:   65         SH:  0    Dex: 16    Spells: 5/6 levels left

rFire    . . .     SeeInvis +   a - +1 dagger
rCold    . . .     Gourm    .   (shield restricted)
rNeg     . . .     Faith    .   b - +0 robe
rPois    .         Spirit   .   (helmet restricted)
rElec    .         Reflect  .   (no cloak)
rCorr    .         Harm     .   (gloves unavailable)
MR       .....                  (boots unavailable)
Stlth    +++.......             (no amulet)
HPRegen  0.04/turn              (no ring)
MPRegen  0.10/turn              (no ring)

@: lethally poisoned (0 -> -4), very quick
A: very small, unfitting armour, see invisible, herbivore, speed 3, slow
metabolism 2
a: no special abilities


You were on level 2 of the Dungeon.
You were not hungry.

You visited 1 branch of the dungeon, and saw 2 of its levels.

You collected 65 gold pieces.

Inventory:

Hand Weapons
 a - a +1 dagger (weapon)
Missiles
 c - 24 stones (quivered)
 j - 17 arrows
Armour
 b - a +0 robe (worn)
Scrolls
 g - a scroll of enchant weapon {unknown}
 i - a scroll of random uselessness {unknown}
Potions
 e - a potion of magic {unknown}
 f - a potion of mutation {unknown}
 h - a potion of lignification {unknown}
 k - a potion of haste {unknown}
Comestibles
 d - 2 rations


   Skills:
 * Level 2.0 Short Blades
 + Level 3.3 Dodging
 + Level 4.8 Stealth
 + Level 2.9 Spellcasting
 + Level 3.8 Hexes


You had 5 spell levels left.
You knew the following spells:

 Your Spells              Type           Power        Failure   Level  Hunger
a - Corona                Hex            ##.....      3%          1    #......

Your spell library contained the following spells:

 Spells                   Type           Power        Failure   Level  Hunger
 Confuse                  Hex            ##......     12%         3    ###....
 Tukima's Dance           Hex            ##......     12%         3    ###....
 Ensorcelled Hibernation  Hex/Ice        #.....       13%         2    ##.....
 Dazzling Spray           Conj/Hex       #.....       26%         3    ###....


Dungeon Overview and Level Annotations

Branches:
Dungeon (2/15)

Altars:
Kikubaaqudgha
Makhleb
Vehumet


Innate Abilities, Weirdness & Mutations

You are very small and have problems with some larger weapons.
You are too small for most types of armour.
You have supernaturally acute eyesight. (SInv)
You are a herbivore.
You cover ground extremely quickly.
You need to consume almost no food.


Message History

Things that are here:
a +0 dagger; a goblin corpse You feel sick.
The adder completely misses you.
You hit the adder.
The adder is moderately wounded.
The adder barely misses you.
You hit the adder.
The adder is heavily wounded.
The adder bites you but does no damage.
You hit the adder.
The adder is severely wounded.
You feel sick. The adder completely misses you.
You hit the adder.
The adder is almost dead.
The worker ant misses you.
You hit the adder but do no damage. The worker ant bites you.
* * * LOW HITPOINT WARNING * * *
The adder bites you but does no damage. The adder bites you.
You die...

##### .# .#.. ..# #.. ..#..#
.# . _. ..#..##.# ###
######........#
#.....8#.._#_..#8##......#
#......#.?.#...#.##......#
#..........#..@S.##......#
#........# ###aS###......#
#........ #8............##
#......############a.......
###......##...###.S.)........
........%....%.S.........#...
#.............#..a#....### ..
#....#.......##..###......
#....#..........#+ +#..###


You could see a worker ant and 2 adders.

Vanquished Creatures
  A leopard gecko (D:1)
  6 bats (D:1)
  A giant cockroach (D:1)
  4 goblins
  2 hobgoblins (D:1)
  A frilled lizard (D:1)
  4 kobolds (D:1)
  A rat (D:1)
20 creatures vanquished.

Notes
Turn   | Place    | Note
-------+----------+-------------------------------------------
     0 | D:1      | Descartes the Spriggan Enchanter began the quest for the
                  | Orb.
     0 | D:1      | Reached XP level 1. HP: 9/9 MP: 5/5
   386 | D:1      | Reached XP level 2. HP: 11/13 MP: 6/6
  1260 | D:2      | Found an ancient bone altar of Kikubaaqudgha.
  1280 | D:2      | Found a radiant altar of Vehumet.
  1281 | D:2      | Found a burning altar of Makhleb.
  1291 | D:2      | Slain by an adder

Levels and vault maps discovered:
D:1:      dpeg_arrival_arbitrary_c, layout_loops_ring, serial_bayou_lagoon_a,
          serial_park_tiny_1
D:2:      layout_basic, nicolae_overflow_quartered_altars, grunt_gozag_statues,
          nemelex_diamond_rough_becter

Skill      XL: |  1  2 |
---------------+-------+-----
Short Blades   | 2 |  2.0
Dodging        | |  3.3
Stealth        | |  4.8
Spellcasting   | |  2.9
Hexes          | |  3.8

Action                   || total
-------------------------++-------
Melee: Dagger            ||   126
 Stab: Sleeping          ||     4
       Distracted        ||     1
Armor: Robe              ||    19
Dodge: Dodged            ||   117
